 Dungeon Crawl Stone Soup version 0.22.1-5-g62c59d919a (webtiles) character file.

70 Duralumin the Grave Robber (level 4, -3/30 HPs)
             Began as a Mummy Necromancer on Jan 8, 2019.
             Slain by Natasha (9 damage)
             ... on level 2 of the Dungeon.
             The game lasted 00:04:15 (843 turns).

Duralumin the Grave Robber (Mummy Necromancer)       Turns: 843, Time: 00:04:16

Health: -3/30      AC:  2    Str: 11    XL:     4   Next: 3%
Magic:  3/10       EV: 12    Int: 15    God:
Gold:   45         SH:  0    Dex: 12    Spells: 9/11 levels left

rFire    x . .     SeeInvis .   e - +0 dagger
rCold    + . .     Gourm    .   (no shield)
rNeg     + + +     Faith    .   a - +0 robe
rPois    ∞         Spirit   .   (no helmet)
rElec    .         Reflect  .   (no cloak)
rCorr    .         Harm     .   (no gloves)
MR       .....                  (no boots)
Stlth    ++........             (no amulet)
HPRegen  0.10/turn              (no ring)
MPRegen  0.12/turn              (no ring)

@: no status effects
A: no food or potions, fire vulnerability, cold resistance 1, negative energy
resistance 3, torment resistance, unbreathing
a: no special abilities


You were on level 2 of the Dungeon.
You were not hungry.

You visited 1 branch of the dungeon, and saw 2 of its levels.

You collected 45 gold pieces.

Inventory:

Hand Weapons
 e - a +0 dagger (weapon)
Missiles
 f - 65 stones (quivered)
Armour
 a - a +0 robe (worn)
Scrolls
 b - 2 scrolls of identify {unknown}
 c - a scroll of random uselessness {unknown}
 d - 2 scrolls of teleportation {unknown}


   Skills:
 - Level 1.5 Dodging
 - Level 1.5 Stealth
 + Level 4.2 Spellcasting
 + Level 4.9 Necromancy


You had 9 spell levels left.
You knew the following spells:

 Your Spells              Type           Power        Failure   Level  Hunger
a - Pain                  Necr           ###.         2%          1    N/A
b - Animate Skeleton      Necr           N/A          2%          1    N/A

Your spell library contained the following spells:

 Spells                   Type           Power        Failure   Level  Hunger
 Vampiric Draining        Necr           ###.......   7%          3    N/A
 Animate Dead             Necr           N/A          24%         4    N/A
 Regeneration             Chrm/Necr      Unusable     N/A         3    N/A

Dungeon Overview and Level Annotations

Branches:
Dungeon (2/15)

Altars:

Annotations:
D:2 Natasha


Innate Abilities, Weirdness & Mutations

You do not eat or drink.
Your flesh is vulnerable to fire.
You are immune to poison.
Your flesh is cold resistant. (rC+)
You are immune to negative energy. (rN+++)
You are immune to unholy pain and torment.
You can survive without breathing.


Message History

Casting: Pain (safe; 2% risk of failure)
Confirm with . or Enter, or press ? or * to list all spells.
Aiming: Pain (safe; 2% risk of failure)
Press: ? - help, Shift-Dir - straight line, f/p - Natasha
Aim: Natasha (lightly wounded, chance to defeat MR: 76%) Natasha writhes in agony!
Natasha barely misses Natasha.
The crimson imp hits Natasha.
Natasha claws the crimson imp but does no damage.
The crimson imp blinks!
Natasha completely misses you.
Natasha stares at you and mumbles some strange words.
You resist with some effort.
Casting: Pain (safe; 2% risk of failure)
Confirm with . or Enter, or press ? or * to list all spells.
Aiming: Pain (safe; 2% risk of failure)
Press: ? - help, Shift-Dir - straight line, f/p - Natasha
Aim: Natasha (heavily wounded, chance to defeat MR: 76%) Natasha writhes in agony!
A hobgoblin comes into view. It is wielding a club.
Natasha claws you!
You die...

. #....#. . ..#.g##
##.#.#....
.......##..#.......
#.................
#.#####...##....#......
###... ....................
..... ..........(........
#...######..#..#..........
###.#..........@h...........
#.............###..#.#....<
##......#####.. ##5..#.....
#.......# #.#####.........
#.......#####.##....#.......
#...........#.##.####.[....>
....####..5.#.5Z.# ##....>.
...# #.......### .....# ###
#.......# ......


You could see Natasha, a crimson imp and a hobgoblin (wandering).

Vanquished Creatures
  Natasha (D:2)
  2 giant cockroaches (D:1)
  2 goblins (D:1)
  3 hobgoblins (D:1)
  4 bats
  2 frilled lizards (D:1)
  3 kobolds (D:1)
  5 rats
22 creatures vanquished.

Vanquished Creatures (collateral kills)
  Natasha (D:2)
  A rat (D:2)
2 creatures vanquished.

Grand Total: 24 creatures vanquished

Notes
Turn   | Place    | Note
-------+----------+-------------------------------------------
     0 | D:1      | Duralumin the Mummy Necromancer began the quest for the
                  | Orb.
     0 | D:1      | Reached XP level 1. HP: 13/13 MP: 4/4
    97 | D:1      | Learned a level 1 spell: Animate Skeleton
   266 | D:1      | Reached XP level 2. HP: 19/19 MP: 1/6
   699 | D:2      | Noticed Natasha
   720 | D:2      | Noticed a crimson imp
   720 | D:2      | Noticed a crimson imp
   720 | D:2      | Killed Natasha
   720 | D:2      | Reached XP level 3. HP: 7/24 MP: 0/8
   801 | D:2      | Noticed Natasha
   808 | D:2      | Killed Natasha
   808 | D:2      | Reached XP level 4. HP: 3/30 MP: 2/10
   824 | D:2      | Noticed Natasha
   843 | D:2      | Slain by Natasha

Skill      XL: |  1  2  3 |
---------------+----------+-----
Spellcasting   | 3 4 |  4.2
Dodging        | |  1.5
Stealth        | |  1.5
Necromancy     | |  4.9

Action                   |  1- 3 |  4- 6 || total
-------------------------+-------+-------++-------
Melee: Unarmed           |     2 |       ||     2
       Dagger            |     6 |       ||     6
 Cast: Pain              |    53 |     3 ||    56
       Animate Skeleton  |     5 |       ||     5
Armor: Robe              |     1 |       ||     1
Dodge: Dodged            |     8 |     3 ||    11
